 Dungeon Crawl Stone Soup version 0.29-a0-1047-g7c58e119a4 (webtiles) character file.

Game seed: 8428965427102922583

1258 greasedhog the Changer (level 8, -7/48 HPs)
             Began as a Gargoyle Transmuter on Aug 17, 2022.
             Mangled by an ogre
             ... wielding a +0 giant spiked club
              (23 damage)
             ... on level 6 of the Dungeon.
             The game lasted 00:12:28 (6486 turns).

greasedhog the Changer (Gargoyle Transmuter)        Turns: 6486, Time: 00:12:28

Health: -7/48      AC:  7    Str: 16    XL:     8   Next: 51%
Magic:  10/11      EV: 12    Int: 14    God:
Gold:   388        SH:  5    Dex: 16    Spells: 5/11 levels left

rFire   . . .      SeeInvis .     - Unarmed
rCold   . . .      Faith    .   (no shield)
rNeg    + . .      Spirit   .   a - +0 robe
rPois   ∞          Reflect  +   (helmet currently unavailable)
rElec   +          Harm     .   (no cloak)
rCorr   .          Rampage  .   (no gloves)
Will    +....                   (boots currently unavailable)
Stlth   +++.......              f - amulet of reflection
HPRegen 0.16/turn               h - ring of willpower
MPRegen 0.12/turn               j - +6 ring of dexterity

@: appendages
A: horns 2, talons 2, sickness immunity, AC +5, negative energy resistance 1,
electricity resistance, torment resistance 1, petrification resistance
a: End Transformation


You were on level 6 of the Dungeon.
You had temporarily grown beastly horns and talons.
You visited 2 branches of the dungeon, and saw 7 of its levels.

You collected 388 gold pieces.

Inventory:

Armour
 a - a +0 robe (worn)
 d - a +0 cloak
Jewellery
 f - an amulet of reflection (around neck)
 h - a ring of willpower (left hand)
 j - a +6 ring of dexterity (right hand)
Wands
 p - a wand of mindburst (1)
Scrolls
 b - 2 scrolls of brand weapon {unknown}
 c - a scroll of identify
 k - 3 scrolls of vulnerability
 l - 2 scrolls of enchant armour
 m - a scroll of noise {unknown}
 o - a scroll of immolation {unknown}
 r - a scroll of poison {unknown}
 t - a scroll of enchant weapon
 u - a scroll of silence {unknown}
Potions
 e - 3 potions of brilliance
 g - 3 potions of curing
 i - a potion of mutation {unknown}
 n - a potion of magic {unknown}
 q - 3 potions of cancellation {unknown}
 s - 3 potions of haste {unknown}
 v - a potion of might {unknown}


   Skills:
 * Level 4.1 Fighting
 - Level 1.5 Dodging
 - Level 5.0 Stealth
 - Level 5.1 Unarmed Combat
 - Level 2.0 Spellcasting
 * Level 6.0 Transmutations


You had 5 spell levels left.
You knew the following spells:

 Your Spells              Type           Power      Damage    Failure   Level
a - Beastly Appendage     Tmut           36%        N/A       1%          1
b - Wereblood             Tmut           18%        N/A       3%          2
c - Spider Form           Tmut/Pois      9%         N/A       21%         3

Your spell library contained the following spells:

 Spells                   Type           Power      Damage    Failure   Level
 Blade Hands              Tmut           9%         N/A       50%         5
 Portal Projectile        Hex/Tloc       2%         N/A       56%         3
 Tukima's Dance           Hex            1%         N/A       56%         3
 Ice Form                 Ice/Tmut       9%         N/A       56%         4


Dungeon Overview and Level Annotations

Branches:
Dungeon (6/15)             Temple (1/1) D:4

Altars:
Ashenzari
Cheibriados
Dithmenos
Elyvilon
Fedhas
Gozag
Kikubaaqudgha
Makhleb
Okawaru
Qazlal
Ru
Uskayaw
Vehumet
Wu Jian
Xom
Yredelemnul
Zin
The Shining One

Shops:
D:1 *   D:2 =

Annotations:
D:5 1 runed translucent door, bchevrier's ghost, novice GnWn


Innate Abilities, Weirdness & Mutations

You have temporarily grown beastly horns and talons.
You are immune to sickness and miasma.
Your stone body is resilient. (AC +5)
You are immune to poison.
You resist negative energy. (rN+)
You are resistant to electric shocks. (rElec)
You are resistant to unholy torment.
You are immune to petrification.


Message History

The orc wizard gestures at you while chanting.
The puff of flame hits you!
* * * LOW HITPOINT WARNING * * *
You barely miss the orc wizard. You claw the orc wizard.
You feel a bit better.
You kill the orc wizard!
You start resting.
You howl as the wereblood boils in your veins!
You start resting.
Your primal bloodlust has ended.
You start resting.
Magic restored.
You start resting.
You are no longer corroded.
You start resting.
Your transformation is almost over.
Your horns disappear.
Your talons disappear.
An ogre comes into view. It is wielding a +0 giant spiked club.
You start resting.
An ogre is nearby!
An ogre is nearby!
The ogre shouts!
Aiming: Mindburst
Press: ? - help, Shift-Dir - straight line, f - ogre
Aim: an ogre, wielding a +0 giant spiked club (chance to affect: 64%)
The ogre's mind is blasted!!
Aiming: Mindburst
Press: ? - help, Shift-Dir - straight line, f/p - ogre
Aim: an ogre, wielding a +0 giant spiked club (severely wounded, chance to affect: 64%)
The ogre struggles to resist.
Aiming: Mindburst
Press: ? - help, Shift-Dir - straight line, f/p - ogre
Aim: an ogre, wielding a +0 giant spiked club (severely wounded, chance to affect: 64%)
The ogre struggles to resist.
Casting: Beastly Appendage (safe; 1% risk of failure)
Confirm with . or Enter, or press ? or * to list all spells.
You grow a pair of large bovine horns.
Your feet morph into talons.
You barely miss the ogre. Your headbutt misses the ogre.
The ogre is severely wounded.
The ogre hits you with a +0 giant spiked club!!
You die...

#.......###..# .#
+...⌠...'.#..#######..#
#.......#.........O...#
#.⌠...⌠.#.............#
#.......##...##)).....#
####+####....##)#......#
.....####.#..o...#
####.####O#.o....#
#....^@#....... #
#.######....... # #.#
....... # #.# ....... #
#####.#######
#######...>.......###
.....)..###..........
######### #.#####...#
#.##......#


You could see an ogre.

Vanquished Creatures
  Grinder (D:6)
  A water moccasin (D:4)
  A black bear (D:6)
  An ogre (D:5)
  A phantom (D:5)
  A centaur (D:6)
  3 scorpions
  A howler monkey (D:5)
  A jelly (D:6)
  An orc priest (D:6)
  An iguana (D:5)
  5 orc wizards
  5 gnolls
  7 adders
  A white imp (D:5)
  2 ufetubi (D:5)
  2 dart slugs
  7 orcs
  6 endoplasms
  6 goblins
  4 hobgoblins
  7 kobolds
  10 quokkas
  5 ball pythons
  5 bats
  3 frilled lizards
  5 rats
93 creatures vanquished.

Notes
Turn   | Place    | Note
-------+----------+-------------------------------------------
     0 | D:1      | greasedhog the Gargoyle Transmuter began the quest for the
                  | Orb.
     0 | D:1      | Reached XP level 1. HP: 12/12 MP: 3/3
   188 | D:1      | Reached skill level 1 in Stealth
   188 | D:1      | Reached XP level 2. HP: 7/16 MP: 3/5
   398 | D:1      | Learned a level 2 spell: Wereblood
   488 | D:1      | Found Rotexti's General Store.
   648 | D:1      | Reached skill level 2 in Transmutations
   990 | D:2      | Found Elar's Jewellery Emporium.
  1069 | D:2      | Reached XP level 3. HP: 19/20 MP: 2/6
  1785 | D:3      | Found the amulet of Elemental Vulnerability {rPois rF--
                  | rC-- AC+8}
  2088 | D:3      | Reached XP level 4. HP: 21/25 MP: 3/7
  2570 | D:3      | Learned a level 3 spell: Spider Form
  3024 | D:3      | Reached skill level 3 in Transmutations
  3024 | D:3      | Reached XP level 5. HP: 27/29 MP: 4/8
  3415 | D:4      | Found a staircase to the Ecumenical Temple.
  3451 | Temple   | Entered the Ecumenical Temple
  3451 | Temple   | Found a transporter.
  3451 | Temple   | Found a transporter.
  3462 | Temple   | Found a transporter.
  3462 | Temple   | Found a transporter.
  3559 | D:4      | Reached skill level 5 in Unarmed Combat
  3559 | D:4      | Reached XP level 6. HP: 24/34 MP: 6/9
  3710 | D:4      | Noticed a water moccasin
  3723 | D:4      | Killed a water moccasin
  3724 | D:4      | Reached skill level 4 in Transmutations
  4283 | D:4      | Reached XP level 7. HP: 38/38 MP: 8/10
  4365 | D:5      | Entered Level 5 of the Dungeon
  4961 | D:5      | Found a runed translucent door.
  5117 | D:5      | Noticed bchevrier's ghost (novice GnWn)
  5164 | D:5      | Reached skill level 5 in Transmutations
  5213 | D:5      | Reached skill level 5 in Stealth
  5440 | D:5      | Found a radiant altar of Vehumet.
  5944 | D:6      | Noticed a steam dragon
  6074 | D:6      | Reached XP level 8. HP: 26/44 MP: 7/11
  6296 | D:6      | Noticed Grinder
  6321 | D:6      | Killed Grinder
  6406 | D:6      | Reached skill level 6 in Transmutations
  6486 | D:6      | Mangled by an ogre

Illustrated notes

Levels and vault maps discovered:
D:1:      heliophobic_arrival_battle_scene, layout_rooms, serial_shops, shop
D:2:      minmay_angry_zag, layout_loops_ring, serial_shops,
          nicolae_diamond_shop
D:3:      layout_basic
D:4:      layout_rooms, minmay_temple_entry_offerings
D:5:      layout_gridville, marbit_many_paths, ebering_ghost_sewer_d,
          amcnicky_mini_pool_medium
D:6:      minmay_evil_eye, layout_loops_cross, minmay_fountain_box,
          kennysheep_path_1, uniq_grinder
Temple:   hellmonk_temple_divided_pantheon

Skill      XL: |  1  2  3  4  5  6  7  8 |
---------------+-------------------------+-----
Stealth        | 1 3 5 |  5.0
Transmutations | 2 3 4 5 6 |  6.0
Unarmed Combat | 4 5 |  5.1
Fighting       | 2 4 |  4.1
Dodging        | |  1.5
Spellcasting   | |  2.0

Action                   |  1- 3 |  4- 6 |  7- 9 || total
-------------------------+-------+-------+-------++-------
Melee: Unarmed           |    91 |    95 |   121 ||   307
       Kick              |    20 |    14 |    25 ||    59
       Headbutt          |    11 |    11 |    15 ||    37
       Punch             |     1 |     2 |     3 ||     6
 Cast: Beastly Appendage |    29 |    21 |    22 ||    72
       Wereblood         |     5 |    10 |     6 ||    21
Evoke: Wand              |       |       |    10 ||    10
  Use: Scroll            |     3 |     2 |       ||     5
       Potion            |       |       |     3 ||     3
 Stab: Sleeping          |     1 |     2 |       ||     3
Armor: Robe              |    33 |    15 |    27 ||    75
       Skin              |       |       |    20 ||    20
Dodge: Dodged            |    46 |    32 |    53 ||   131
Block: Other             |    28 |    11 |    24 ||    63
       Reflection        |       |     1 |     1 ||     2

Table legend: (Time is in decaauts)
 A = Elapsed time spent in this place.
 B = Non-inter-level travel time spent in this place.
 C = Inter-level travel time spent in this place.
 D = Time resting spent in this place.
 E = Time spent auto-exploring this place.
 F = Levels seen in this place.
 G = Mean time per level.
                   A        B        C        D        E       F      G
               +--------+--------+--------+--------+--------+-----+--------+
         Total |   6460 |   6170 |    290 |    266 |   4954 |   7 |  922.9 |
       Dungeon |   6386 |   6096 |    290 |    266 |   4939 |   6 | 1064.3 |
        Temple |     73 |     73 |      0 |      0 |     15 |   1 |   73.0 |
               +--------+--------+--------+--------+--------+-----+--------+

Top non-repeatable levels by time:
     D:5: 1647 daAuts
     D:3: 1449 daAuts
     D:2: 1046 daAuts
     D:4: 896 daAuts
     D:1: 884 daAuts
     D:6: 462 daAuts
  Temple: 73 daAuts
